 Dungeon Crawl Stone Soup version 0.30-a0-297-g0ec75d9ef4 (webtiles) character file.

Game seed: 3007087416885398154

153669 Angani the Fencer (level 17, -4/146 HPs)
             Began as a Grey Draconian Gladiator on Oct 19, 2022.
             Was the Champion of Zin.
             Slain by a merfolk
             ... wielding a +0 trident
              (16 damage)
             ... on level 2 of the Shoals.
             The game lasted 01:35:03 (36415 turns).

Angani the Fencer (Grey Draconian Gladiator)       Turns: 36415, Time: 01:35:03

Health: -4/146     AC: 24    Str: 17    XL:     17   Next: 5%
Magic:  30/30      EV: 21    Int: 10    God:    Zin [******]
Gold:   2892       SH:  0    Dex: 19    Spells: 16/16 levels left

rFire   . . .      SeeInvis .    a - +2 great sword (vorpal)
rCold   + . .      Faith    .    (shield currently unavailable)
rNeg    . . .      Spirit   .    (body armour unavailable)
rPois   .          Reflect  .    I - +2 hat
rElec   .          Harm     .    z - +1 cloak {Stlth+}
rCorr   .          Rampage  .    R - +0 pair of gloves
Will    +....                    m - +0 pair of boots
Stlth   +++.......               v - amulet of the acrobat
HPRegen 0.44/turn                f - +4 ring of protection
MPRegen 0.22/turn                S - ring of protection from cold

@: reciting
A: AC +14, amphibious, unfitting armour, cold-blooded
a: Renounce Religion, Recite, Vitalisation, Imprison, Sanctuary, Donate Gold


You were on level 2 of the Shoals.
You worshipped Zin.
Zin was exalted by your worship.
You visited 4 branches of the dungeon, and saw 24 of its levels.
You visited the Abyss 1 time.
You also visited: Bailey.

You collected 3455 gold pieces.
You spent 314 gold pieces at shops.
You donated 249 gold pieces to Zin.

Inventory:

Hand Weapons
 a - a +2 vorpal great sword (weapon)
 b - a +3 scimitar of flaming
Missiles
 g - 30 boomerangs (quivered)
 i - 41 stones
 o - 7 silver boomerangs
 q - 34 poisoned darts
 B - 7 atropa-tipped darts
 E - 6 javelins
 T - 4 throwing nets
 X - 6 silver javelins
Armour
 m - a +0 pair of boots (worn)
 x - a +0 tower shield
 z - a +1 cloak of stealth (worn)
 I - a +2 hat (worn)
 R - a +0 pair of gloves (worn)
Jewellery
 d - a ring of fire
 f - a +4 ring of protection (left hand)
 v - an amulet of the acrobat (around neck)
 S - a ring of protection from cold (right hand)
 W - a ring of protection from cold
Wands
 r - a wand of iceblast (12)
 A - a wand of mindburst (37)
 G - a wand of flame (22)
 H - a wand of charming (7)
 J - a wand of quicksilver (10)
 L - a wand of digging (1)
Scrolls
 e - 4 scrolls of amnesia
 k - a scroll of immolation
 l - a scroll of brand weapon
 s - 4 scrolls of teleportation
 t - 3 scrolls of enchant weapon
 u - a scroll of magic mapping
 w - 4 scrolls of summoning
 y - a scroll of fear
 F - 4 scrolls of poison
 M - a scroll of silence
 P - 3 scrolls of butterflies {unknown}
 U - 2 scrolls of enchant armour {unknown}
Potions
 c - a potion of mutation
 h - 4 potions of curing
 j - 2 potions of invisibility
 n - 11 potions of attraction
 p - 4 potions of brilliance
 C - 4 potions of might
 D - a potion of haste
 N - 3 potions of flight
 O - a potion of magic
 Q - 2 potions of cancellation
 V - a potion of berserk rage
Miscellaneous
 K - a tin of tremorstones (2/2)


   Skills:
 - Level 12.1 Fighting
 - Level 20.0 Long Blades
 + Level 12.2 Throwing
 - Level 13.1 Dodging
 - Level 19.0 Invocations


You had 16 spell levels left.
You didn't know any spells.
Your spell library contained the following spells:

 Spells                   Type           Power      Damage    Failure   Level
 Magic Dart               Conj           0%         1d3       36%         1
 Call Imp                 Summ           0%         N/A       50%         2
 Cigotuvi's Dreadful Rot  Necr/Pois/Air  0%         N/A       50%         2
 Ensorcelled Hibernation  Hex/Ice        0%         N/A       50%         2
 Poisonous Vapours        Pois/Air       0%         N/A       50%         2
 Searing Ray              Conj           0%         2d4       50%         2
 Static Discharge         Conj/Air       0%         2-2/arc   50%         2
 Hailstorm                Conj/Ice       0%         3d3       75%         3
 Inner Flame              Hex/Fire       0%         N/A       75%         3
 Kindle Blastsparks       Fire/Tloc/Air  0%         2d10      75%         3
 Mephitic Cloud           Conj/Pois/Air  0%         N/A       75%         3
 Spider Form              Tmut/Pois      0%         N/A       75%         3
 Vhi's Electric Charge    Tloc/Air       0%         N/A       75%         3
 Anguish                  Hex/Necr       0%         N/A       98%         4
 Flame Wave               Conj/Fire      0%         2d4       98%         4
 Fulminant Prism          Conj/Hex       0%         3d6       98%         4
 Iskenderun's Mystic Bla  Conj/Tloc      0%         2d3       98%         4
 Sticky Flame             Conj/Fire      0%         2d3       98%         4
 Arcjolt                  Conj/Air       0%         1d10      100%        5
 Lee's Rapid Deconstruct  Erth           0%         3d4*      100%        5
 Lightning Bolt           Conj/Air       0%         1d11      100%        5
 Enfeeble                 Hex            0%         N/A       100%        7
 Orb of Destruction       Conj           0%         9d5       100%        7
 Summon Hydra             Summ           0%         N/A       100%        7


Dungeon Overview and Level Annotations

Branches:
Dungeon (15/15)            Temple (0/1) D:6            Lair (5/5) D:8
 Shoals (2/4) Lair:2       Spider (0/4) Lair:3        Slime (0/5) Lair:5
    Orc (2/2) D:9             Elf (0/3) Orc:2        Vaults (0/5) D:13
 Depths (0/4) D:15         Bailey (visited)

Altars:
Cheibriados
Dithmenos
Elyvilon
Gozag
Hepliaklqana
Kikubaaqudgha
Makhleb
Qazlal
Trog
Uskayaw
Vehumet
Wu Jian
Xom
Yredelemnul
Zin
The Shining One
Jiyva

Shops:
Orc:2 (*[[

Portals:
Hell: Lair:5

Annotations:
D:15 exclusion: door
Shoals:1 2 transporters, Xorphieck's ghost, adept KoBr


Innate Abilities, Weirdness & Mutations

Your dull iron-grey scales are very hard. (AC +14)
You are amphibious.
You cannot fit into any form of body armour.
You are cold-blooded and may be slowed by cold attacks.


Message History

The alligator snapping turtle bites you from afar!!
* * * LOW HITPOINT WARNING * * *
The alligator snapping turtle closely misses you.
Your surroundings suddenly seem different.
Floosh!
Unknown command.
You start resting.
A merfolk comes into view. It is wielding a +0 trident.
A merfolk is nearby!
Throw: 30 boomerangs
Press: ? - help, Q - select action, (/) - cycle Shift-Dir - straight line, f - merfolk
Aim: a merfolk, wielding a +0 trident (wandering, hasn't noticed you, 67% to hit)
You throw a boomerang. The merfolk shouts!
The boomerang hits the merfolk!
The merfolk is moderately wounded.
Throw: 30 boomerangs
Press: ? - help, Q - select action, (/) - cycle Shift-Dir - straight line, f/p - merfolk
Aim: a merfolk, wielding a +0 trident (moderately wounded, 67% to hit)
You throw a boomerang. The boomerang hits the merfolk!
The merfolk is heavily wounded.
Unknown command.
Throw: 30 boomerangs
Press: ? - help, Q - select action, (/) - cycle Shift-Dir - straight line, f/p - merfolk
Aim: a merfolk, wielding a +0 trident (heavily wounded, 67% to hit)
You throw a boomerang. The boomerang hits the merfolk.
The merfolk is heavily wounded.
Unknown command.
Activating: Recite (0% risk of failure)
Press: ? - help, Dir - look around, f - activate You clear your throat and prepare to recite. "Damned, damned be the servants of Hell and..."
The merfolk closely misses you.
Throw: 30 boomerangs
Press: ? - help, Q - select action, (/) - cycle Shift-Dir - straight line, f - merfolk
Aim: a merfolk, wielding a +0 trident (heavily wounded, 67% to hit)
You throw a boomerang. The boomerang hits the merfolk!
The merfolk is severely wounded.
The merfolk hits you from afar with a +0 trident!
You die...

#########################
#≈≈≈≈≈≈≈≈≈≈≈≈≈≈≈≈≈≈≈≈≈≈≈≈
#≈≈≈≈≈≈≈≈≈≈≈≈≈≈≈≈≈≈≈≈≈≈≈≈
#≈≈≈≈≈≈≈≈≈≈≈≈≈≈≈≈≈≈≈≈≈≈≈≈
#≈≈≈≈≈≈≈≈≈≈≈≈≈≈≈≈≈≈≈≈≈≈≈≈
#≈≈≈≈≈≈≈≈~~~~≈≈≈≈≈≈≈≈≈≈≈≈
#≈≈≈≈≈≈~~~~~~~~≈≈≈≈≈≈≈≈≈≈
#≈≈≈≈≈≈~@~m.~~~~≈≈≈≈≈≈≈≈≈
#≈≈≈≈≈≈~~.....~~≈≈≈≈≈≈≈≈≈
#≈≈≈≈≈≈~~.###..~~≈≈≈≈≈≈≈≈
#≈≈≈≈≈≈~~.# #..~~≈≈≈≈≈≈≈≈
#≈≈≈≈≈≈~..####.~~~≈≈≈≈≈≈≈
#≈≈≈≈≈≈≈~~.####.~~~~≈≈≈≈≈
#≈≈≈≈≈≈≈~~..# #.~~~~~~~≈≈
#≈≈≈≈≈≈≈~~.## ##.~~~~~~≈≈
#≈≈≈≈≈≈≈~~.# #.~~~~~~~~


You could see a merfolk.

Vanquished Creatures
  A tentacled starspawn (Abyss:2)
  A kraken (Shoals:1)
  An orc warlord (Orc:1)
  A very ugly thing (Abyss:3)
  Nessos (D:12)
  A dire elephant (D:15)
  2 blizzard demons (Abyss:2)
  3 merfolk impalers
  3 merfolk javelineers
  Snorg (Lair:3)
  6 hydras
  The ghost of Oki the Transmogrifier, a journeyman MfTm of Dithmenos (D:10)
  An ogre mage (D:13)
  5 centaur warriors
  4 boulder beetles
  Erica (Lair:1)
  2 alligator snapping turtles (Shoals:1)
  An anaconda (shapeshifter) (D:14)
  2 merfolk aquamancers
  3 tengu warriors (D:14)
  6 two-headed ogres
  2 merfolk avatars
  A satyr (Shoals:2)
  A dancing weapon (D:10)
  6 death yaks
  6 orc high priests
  3 thrashing horrors (Abyss:2)
  A shadow wraith (Abyss:2)
  2 wretched stars (Abyss:2)
  Amaemon (D:11)
  10 skeletal warriors
  Lodul (D:12)
  12 sea snakes
  A goliath frog (Shoals:2)
  A sixfirhy (Lair:5)
  A wizard (Lair:5)
  A deep elf pyromancer (D:12)
  11 harpies
  6 orc knights (Orc:2)
  3 cyclopes
  An orc sorcerer (Orc:1)
  3 ugly things (D:11)
  A wolf spider (D:15)
  4 oklob plants (Lair:4)
  11 fauns
  11 manticores
  6 merfolk sirens
  A salamander (D:15)
  23 elephants
  5 water nymphs
  3 orange demons
  7 black mambas
  12 cane toads
  An apocalypse crab (Abyss:2)
  2 torpor snails (Lair:3)
  2 gargoyles
  An unseen horror (D:9)
  5 rime drakes
  13 komodo dragons
  A kobold demonologist (Bailey)
  An efreet (D:13)
  3 hellwings
  2 ice devils (Lair:5)
  2 tengu conjurers (D:13)
  A red devil (Lair:5)
  21 merfolk
  10 trolls
  A polar bear (Lair:3)
  13 dream sheep
  3 snapping turtles
  3 wind drakes
  5 blink frogs
  6 slime creatures (D:15)
  2 centaur simulacra
  A vampire (D:5)
  49 yaks
  A spriggan (D:13)
  Sigmund (D:6)
  5 wraiths
  The ghost of Harunobu the Trooper, an amateur MiMo (D:5)
  A fire bat (shapeshifter) (D:14)
  5 water elementals
  A shadow (D:11)
  4 large abominations (Abyss:2)
  3 wyverns
  A neqoxec (Abyss:3)
  The ghost of jehirs the Vexing, an amateur BaHs (D:4)
  2 basilisks
  A chaos spawn (Abyss:2)
  A steam dragon (D:9)
  7 small abominations (Abyss:2)
  8 wargs
  15 vampire mosquitoes
  13 water moccasins
  2 acid dragons
  4 hell hounds (Lair:5)
  47 orc warriors
  2 ice beasts
  A sky beast (D:8)
  3 black bears
  13 ogres
  28 wolves
  9 centaurs
  A phantom (D:6)
  3 kobold brigands
  Blork the orc (D:6)
  2 gnoll sergeants
  19 bullfrogs
  A necrophage (D:6)
  8 scorpions
  12 wights
  3 killer bees (D:9)
  8 electric eels (Bailey)
  6 howler monkeys
  8 starcursed masses (Abyss:2)
  2 jellies
  40 orc priests
  A gnoll bouda (Lair:4)
  Jessica (D:2)
  6 iguanas
  22 orc wizards
  10 gnolls
  12 adders
  A white imp (Abyss:2)
  An ufetubus (D:5)
  3 worms
  4 dart slugs
  97 orcs
  8 ball pythons
  4 bats
  4 endoplasms
  7 giant cockroaches
  10 goblins
  10 hobgoblins
  4 jackals (D:1)
  24 kobolds
  6 quokkas
  3 frilled lizards
  9 rats
894 creatures vanquished.

Vanquished Creatures (others)
  3 large abominations (Abyss:2)
  A centaur simulacrum (Abyss:2)
  7 small abominations (Abyss:2)
  An orc priest (Orc:1)
  An orc (Orc:2)
  35 fungi
  156 plants
  2 starspawn tentacles (Abyss:2)
  8 tentacles (Shoals:1)
214 creatures vanquished.

Grand Total: 1108 creatures vanquished

Notes
Turn   | Place    | Note
-------+----------+-------------------------------------------
     0 | D:1      | Angani the Draconian Gladiator began the quest for the Orb.
     0 | D:1      | Reached XP level 1. HP: 17/17 MP: 1/1
    84 | D:1      | Reached XP level 2. HP: 25/25 MP: 2/2
   435 | D:1      | Reached XP level 3. HP: 30/30 MP: 3/3
   838 | D:2      | Noticed Jessica
   846 | D:2      | Killed Jessica
   876 | D:2      | Reached XP level 4. HP: 38/38 MP: 4/4
  1441 | D:3      | Reached skill level 4 in Long Blades
  1441 | D:3      | Reached XP level 5. HP: 45/46 MP: 5/5
  1457 | D:3      | Found a faded altar of an unknown god.
  1706 | D:3      | Identified the +1 scale mail of Bursted the Good {rF++ rC-
                  | Str+8 Dex+2}
  1753 | D:3      | Gained mutation: You are weak. (Str -2) [potion of
                  | mutation]
  1753 | D:3      | Gained mutation: Your spells are a little harder to cast,
                  | but a little more powerful. [potion of mutation]
  2107 | D:4      | Found a runed translucent gate.
  2108 | D:4      | Found a runed translucent gate.
  2108 | D:4      | Found a runed translucent gate.
  2109 | D:4      | Noticed jehirs's ghost (amateur BaHs)
  2123 | D:4      | Lost mutation: You are weak. (Str -2) [potion of mutation]
  2123 | D:4      | Lost mutation: Your spells are a little harder to cast, but
                  | a little more powerful. [potion of mutation]
  2123 | D:4      | Gained mutation: Your flesh is cold resistant. (rC+)
                  | [potion of mutation]
  2123 | D:4      | Gained mutation: You have sharp toenails. [potion of
                  | mutation]
  2334 | D:4      | Found a white marble altar of Elyvilon.
  2335 | D:4      | Found a glowing golden altar of the Shining One.
  2335 | D:4      | Found a glowing silver altar of Zin.
  2388 | D:4      | Noticed a black bear
  2399 | D:4      | Killed a black bear
  2400 | D:4      | Reached XP level 6. HP: 51/53 MP: 6/6
  2452 | D:4      | Identified the +1 buckler of the Skies Above {+Blink Int+5}
  2620 | D:4      | Reached skill level 5 in Long Blades
  2648 | D:4      | Reached skill level 5 in Fighting
  2648 | D:4      | Your scales start taking on a dull iron-grey colour.
  2648 | D:4      | Reached XP level 7. HP: 61/61 MP: 7/7
  2781 | D:5      | Entered Level 5 of the Dungeon
  2884 | D:4      | Became a worshipper of Zin the Law-Giver
  2884 | D:4      | Reached * piety under Zin
  3016 | D:5      | Found a runed translucent gate.
  3017 | D:5      | Found a runed translucent gate.
  3018 | D:5      | Found a runed translucent gate.
  3020 | D:5      | Noticed Harunobu's ghost (amateur MiMo)
  3029 | D:5      | Reached skill level 1 in Invocations
  3030 | D:5      | Reached ** piety under Zin
  3039 | D:5      | Found a bloodstained altar of Trog.
  3039 | D:5      | Found a stormy altar of Qazlal.
  3249 | D:5      | Noticed a vampire
  3315 | D:6      | Reached skill level 5 in Throwing
  3352 | D:6      | Reached XP level 8. HP: 65/70 MP: 9/9
  3365 | D:6      | Reached skill level 6 in Long Blades
  3391 | D:6      | Found a staircase to the Ecumenical Temple.
  3578 | D:6      | Reached *** piety under Zin
  3636 | D:6      | Noticed Sigmund
  3650 | D:6      | Killed Sigmund
  3858 | D:6      | Noticed Blork the orc
  3873 | D:6      | Killed Blork the orc
  4164 | D:7      | Found a flagged portal.
  4175 | Bailey   | Entered a bailey
  4624 | Bailey   | Noticed a kobold demonologist
  4627 | Bailey   | Noticed a red devil
  4857 | Bailey   | Reached skill level 7 in Long Blades
  4857 | Bailey   | Reached XP level 9. HP: 52/79 MP: 12/12
  5044 | Bailey   | Reached skill level 5 in Invocations
  5058 | Bailey   | Acquired a manual of Long Blades
  5257 | Bailey   | Found an iron altar of Okawaru.
  5257 | Bailey   | Noticed an orc high priest
  5261 | Bailey   | Noticed a sun demon
  5262 | Bailey   | Noticed an ice devil
  5287 | Bailey   | Noticed a sixfirhy
  5392 | Bailey   | Killed a kobold demonologist
  5393 | Bailey   | Reached skill level 8 in Long Blades
  5403 | Bailey   | Killed an orc high priest
  5525 | Bailey   | Reached XP level 10. HP: 90/90 MP: 14/14
  5564 | Bailey   | Identified the +5 trident of the Hidden Vale {venom,
                  | Stlth+}
  5605 | D:7      | Reached **** piety under Zin
  5706 | D:7      | Reached skill level 9 in Long Blades
  5750 | D:7      | Reached XP level 11. HP: 82/95 MP: 15/15
  6653 | D:8      | Found a staircase to the Lair.
  7355 | D:8      | Reached ***** piety under Zin
  7694 | D:9      | Found a staircase to the Orcish Mines.
  7921 | D:9      | Noticed a two-headed ogre
  7924 | D:9      | Killed a two-headed ogre
  7925 | D:9      | Reached skill level 10 in Long Blades
  8008 | D:9      | Noticed a two-headed ogre
  8016 | D:9      | Killed a two-headed ogre
  8399 | D:9      | Found an opulent altar of Gozag.
  9121 | D:10     | Entered Level 10 of the Dungeon
  9317 | D:10     | Reached skill level 11 in Long Blades
  9328 | D:10     | Reached skill level 10 in Fighting
  9386 | D:10     | Found a runed translucent door.
  9386 | D:10     | Found a shimmering altar of Xom.
  9386 | D:10     | Noticed Oki's ghost (journeyman MfTm)
  9386 | D:10     | Noticed a +2 hand axe of chaos
  9788 | D:10     | Reached XP level 12. HP: 48/106 MP: 18/18
 11129 | D:11     | Reached skill level 12 in Long Blades
 11281 | D:11     | Noticed Amaemon
 11299 | D:11     | Killed Amaemon
 11521 | D:11     | Noticed a two-headed ogre
 11529 | D:11     | Killed a two-headed ogre
 11760 | Lair:1   | Entered Level 1 of the Lair of Beasts
 12237 | Lair:1   | Reached ****** piety under Zin
 12301 | Lair:1   | Reached skill level 10 in Dodging
 12321 | Lair:1   | Reached skill level 13 in Long Blades
 12418 | Lair:1   | You fall into a shaft and drop 1 floor!
 12445 | Lair:2   | Noticed a death yak
 12445 | Lair:2   | Noticed a death yak
 12445 | Lair:2   | Noticed a death yak
 12445 | Lair:2   | Noticed a death yak
 12468 | Lair:2   | Found a hide-covered altar of Uskayaw.
 12469 | Lair:2   | Noticed a boulder beetle
 12470 | Lair:2   | Found an ornate altar of the Wu Jian Council.
 12519 | Lair:3   | Reached skill level 10 in Invocations
 12816 | Lair:1   | Noticed Erica
 12830 | Lair:1   | Killed Erica
 13144 | Lair:1   | Reached XP level 13. HP: 110/113 MP: 20/20
 13169 | Lair:1   | Reached skill level 10 in Throwing
 13876 | Lair:2   | Reached skill level 14 in Long Blades
 14749 | Lair:2   | Found a staircase to the Shoals.
 14825 | Lair:3   | Noticed Snorg
 15517 | Lair:3   | Killed Snorg
 15518 | Lair:3   | Reached skill level 15 in Long Blades
 15637 | Lair:3   | Found a hole to the Spider Nest.
 16945 | Lair:4   | Reached XP level 14. HP: 121/121 MP: 22/22
 17192 | Lair:5   | Entered Level 5 of the Lair of Beasts
 18168 | Lair:5   | Found a staircase to the Slime Pits.
 18169 | Lair:5   | Found a viscous altar of Jiyva.
 18261 | Lair:5   | Reached skill level 16 in Long Blades
 18989 | Abyss:2  | Cast into level 2 of the Abyss (a wizard)
 20467 | Abyss:2  | Noticed a starcursed mass
 20474 | Abyss:2  | Noticed a cyan very ugly thing
 20492 | Abyss:2  | Noticed a starcursed mass
 20537 | Abyss:2  | Noticed a starcursed mass
 20641 | Abyss:2  | Noticed a green draconian monk
 20656 | Abyss:2  | Noticed a tentacled starspawn
 20665 | Abyss:2  | Killed a tentacled starspawn
 20687 | Abyss:2  | Noticed a starcursed mass
 20712 | Abyss:2  | Reached skill level 17 in Long Blades
 20721 | Abyss:2  | Noticed a starcursed mass
 21090 | Abyss:2  | Noticed a starcursed mass
 21201 | Abyss:2  | Lost mutation: Your flesh is cold resistant. (rC+) [potion
                  | of mutation]
 21201 | Abyss:2  | Lost mutation: You have sharp toenails. [potion of
                  | mutation]
 21282 | Abyss:2  | Noticed an ironbound thunderhulk
 21282 | Abyss:2  | Noticed an ironbound thunderhulk
 21284 | Abyss:2  | Noticed a red very ugly thing
 21411 | Abyss:3  | Noticed a red very ugly thing
 21426 | Abyss:3  | Killed a red very ugly thing
 21432 | Lair:5   | Escaped the Abyss
 21547 | Lair:5   | Found a burning altar of Makhleb.
 21979 | Lair:5   | Reached skill level 18 in Long Blades
 21986 | Lair:5   | Found a gateway to Hell.
 22199 | Orc:1    | Entered Level 1 of the Orcish Mines
 22645 | Orc:1    | Reached XP level 15. HP: 126/126 MP: 24/24
 22826 | Orc:2    | Entered Level 2 of the Orcish Mines
 22846 | Orc:2    | Found a staircase to the Elven Halls.
 24713 | Orc:2    | Reached skill level 19 in Long Blades
 24814 | Orc:2    | Found Dizetiy's Assorted Antiques.
 24814 | Orc:2    | Found Athriedgh's Antique Weapon Emporium.
 24815 | Orc:2    | Found Amucweax's Antique Armour Emporium.
 24815 | Orc:2    | Found Sacarghin's Antique Armour Shoppe.
 24823 | Orc:2    | Bought a scroll labelled GEEMACL ASUSH for 21 gold pieces
 24925 | Orc:2    | Bought a pair of boots for 117 gold pieces
 25081 | Orc:2    | Bought a wand of quicksilver (2) for 176 gold pieces
 25309 | D:12     | Noticed Lodul
 25317 | D:12     | Killed Lodul
 25620 | D:12     | Acquired a manual of Invocations
 25863 | D:12     | Noticed Nessos
 25878 | D:12     | Killed Nessos
 27324 | D:13     | Reached skill level 20 in Long Blades
 27374 | D:13     | Found a gate to the Vaults.
 28535 | D:15     | Entered Level 15 of the Dungeon
 28645 | D:15     | Reached skill level 15 in Invocations
 28995 | D:15     | Found a staircase to the Depths.
 29235 | D:15     | Reached XP level 16. HP: 134/134 MP: 28/28
 29584 | D:15     | Found a bloodstained altar of Trog.
 30023 | D:10     | Killed Oki's ghost
 30256 | D:4      | Killed jehirs's ghost
 30462 | D:5      | Identified the +2 sling of Xom's Condemnation {venom, rPois
                  | rF- Dex+2}
 30607 | D:5      | Found a radiant altar of Vehumet.
 30608 | D:5      | Found a shadowy altar of Dithmenos.
 30608 | D:5      | Found a snail-covered altar of Cheibriados.
 30610 | D:5      | Found a basalt altar of Yredelemnul.
 30611 | D:5      | Found a hazy altar of Hepliaklqana.
 30613 | D:5      | Found an ancient bone altar of Kikubaaqudgha.
 30647 | D:5      | Killed Harunobu's ghost
 31265 | Shoals:1 | Entered Level 1 of the Shoals
 31683 | Shoals:1 | Noticed a kraken
 32049 | Shoals:1 | Found a transporter.
 32051 | Shoals:1 | Identified the +5 ring mail of the Sky {Will+ Int+3 Stlth+}
 32053 | Shoals:1 | Found a transporter.
 32054 | Shoals:1 | Noticed Xorphieck's ghost (adept KoBr)
 32054 | Shoals:1 | Found the ring of the Octopus King
 32911 | Shoals:1 | Noticed a kraken
 33619 | Shoals:1 | Got the Octavo of Destructive Beckoning
 33957 | Shoals:1 | Killed a kraken
 34743 | Shoals:2 | HP: 2/139 [merfolk/+0 trident[a merfolk javelineer] (18)]
 36047 | Shoals:2 | Reached XP level 17. HP: 82/146 MP: 30/30
 36415 | Shoals:2 | Slain by a merfolk

Illustrated notes

Levels and vault maps discovered:
D:1:      elethiomel_arrival_quiet, layout_loops_ring
D:2:      layout_rooms, uniq_jessica
D:3:      layout_rooms, nicolae_ecumenical_snake_handling,
          nicolae_elevator_lobby_plus
D:4:      minmay_chambers_of_twos, layout_loops_cross,
          dreamdust_divine_triumvirate, ebering_ghost_rock_garden
D:5:      layout_basic, minitemple, ebering_ghost_rock_garden
D:6:      layout_rooms, minmay_temple_entry_sparse_star, uniq_blork_the_orc,
          uniq_sigmund
D:7:      layout_loops_ring, enter_bailey_2
D:8:      layout_cave_pods, erik_lair_orcish_takeover
D:9:      layout_layer_cave, mainiacjoe_overflow_alcove_1, orc_0_dummy,
          grunt_ministairs_14
D:10:     layout_loops_cross, ebering_ghost_xom
D:11:     layout_basic, uniq_amaemon
D:12:     layout_stronghold, drop_trap, uniq_nessos, uniq_lodul
D:13:     layout_loops_cross, david_vaults_2, grunt_ogre_cave, the_hattery
D:14:     layout_grid_maze, minmay_fountain_box
D:15:     hangedman_depths_entry_try_elsewhere_first, layout_basic,
          trog_butcher_becter
Lair:1:   layout_hall_layers, minivault_25, uniq_erica
Lair:2:   layout_cave_pods, minmay_shoals_entry_lonely_mermaid,
          nzn_masters_of_martial_movement, grunt_megastairs_1,
          serial_bayou_shore_b
Lair:3:   layout_cave_pods, nicolae_spider_entry_non_spiders, uniq_snorg
Lair:4:   minmay_lair_oklob_tunnel, layout_loops_ring, dreamdust_gnoll_shepherd
Lair:5:   evil_forest, layout_gridlike, slime_entry_1
Shoals:1: cheibrodos_shoals_epimethial_gifts, layout_shoals,
          ebering_ghost_davey_jones
Shoals:2: layout_shoals, nicolae_shoals_goliath_grotto
Orc:1:    layout_caves, mines5_lemuel
Orc:2:    st_orc_pillars, layout_diamond_mine, nicolae_orc_pool_cavern

Skill      XL: |  1  2  3  4  5  6  7  8  9 10 11 12 13 14 15 16 |
---------------+-------------------------------------------------+-----
Throwing       | 2 3 4 5 6 7 8 9 11 12 | 12.2
Fighting       | 3 4 5 6 7 8 10 12 | 12.1
Long Blades    | 4 5 7 8 9 11 13 15 18 20 | 20.0
Invocations    | 2 4 6 8 10 11 12 16 19 | 19.0
Dodging        | 9 10 11 13 | 13.1

Action                   |  1- 3 |  4- 6 |  7- 9 | 10-12 | 13-15 | 16-18 || total
-------------------------+-------+-------+-------+-------+-------+-------++-------
Melee: Long sword        |    82 |   137 |   284 |   128 |       |       ||   631
       Tailslap          |    13 |    16 |    44 |   133 |   321 |   138 ||   665
       Kick              |       |    14 |    94 |   268 |   278 |       ||   654
       Punch             |       |     1 |       |       |       |       ||     1
       Great sword       |       |       |       |   636 |  1428 |   635 ||  2699
       Scimitar          |       |       |       |       |    38 |       ||    38
Throw: Stone             |     6 |     5 |    13 |       |    15 |   122 ||   161
       Boomerang         |       |     5 |    57 |    10 |     4 |    38 ||   114
       Dart              |       |    13 |    18 |    15 |     7 |    11 ||    64
       Throwing net      |       |     1 |     2 |     1 |       |     1 ||     5
       Javelin           |       |       |     1 |       |       |     9 ||    10
Invok: Recite            |       |       |     3 |    13 |    36 |    22 ||    74
       Vitalisation      |       |       |       |     3 |     7 |     2 ||    12
       Sanctuary         |       |       |       |       |     2 |     1 ||     3
Evoke: Wand              |       |       |       |       |     8 |    12 ||    20
  Use: Scroll            |     3 |     3 |     7 |     6 |    16 |     7 ||    42
       Potion            |       |     2 |     2 |       |    18 |     6 ||    28
 Stab: Sleeping          |     1 |       |     1 |     7 |    10 |     1 ||    20
       Held in net/web   |       |     1 |       |       |       |     1 ||     2
       Paralysed         |       |       |       |     1 |    30 |     1 ||    32
       Confused          |       |       |       |     1 |    19 |    13 ||    33
       Distracted        |       |       |       |       |     3 |       ||     3
       Invisible         |       |       |       |       |     1 |       ||     1
Armor: Skin              |    27 |    59 |    93 |   407 |   493 |   235 ||  1314
Dodge: Dodged            |    51 |   107 |   121 |  1007 |  1247 |   686 ||  3219
Block: Buckler           |       |     2 |    47 |    30 |       |       ||    79
       Tower shield      |       |       |       |     4 |       |       ||     4

Table legend: (Time is in decaauts)
 A = Elapsed time spent in this place.
 B = Non-inter-level travel time spent in this place.
 C = Inter-level travel time spent in this place.
 D = Time resting spent in this place.
 E = Time spent auto-exploring this place.
 F = Levels seen in this place.
 G = Mean time per level.
                   A        B        C        D        E       F      G
               +--------+--------+--------+--------+--------+-----+--------+
         Total |  36089 |  34156 |   1933 |  11134 |  13852 |  27 | 1336.6 |
       Dungeon |  16446 |  15296 |   1150 |   2971 |   9117 |  15 | 1096.4 |
          Lair |   8421 |   7876 |    545 |   2680 |   3296 |   5 | 1684.2 |
        Shoals |   4802 |   4721 |     81 |   2462 |    654 |   2 | 2401.0 |
  Orcish Mines |   2593 |   2437 |    156 |    809 |    785 |   2 | 1296.5 |
         Abyss |   2397 |   2397 |      0 |   1604 |      0 |   2 | 1198.5 |
        Bailey |   1427 |   1427 |      0 |    606 |      0 |   1 | 1427.0 |
               +--------+--------+--------+--------+--------+-----+--------+

Top non-repeatable levels by time:
Shoals:1: 2857 daAuts
  Lair:5: 2307 daAuts
 Abyss:2: 2260 daAuts
     D:9: 1979 daAuts
Shoals:2: 1945 daAuts
  Lair:2: 1835 daAuts
  Lair:4: 1655 daAuts
   Orc:2: 1605 daAuts
  Lair:3: 1537 daAuts
     D:8: 1494 daAuts
    D:11: 1462 daAuts
  Bailey: 1427 daAuts
    D:10: 1386 daAuts
    D:15: 1271 daAuts
    D:13: 1260 daAuts
